 Dungeon Crawl Stone Soup version 0.28.0-43-g3370ac3207 (webtiles) character file.

Game seed: 14461968061225161496

28567 pkoi the Zephyrmancer (level 13, -14/102 HPs)
             Began as a Green Draconian Air Elementalist on Mar 2, 2022.
             Was a Priest of Sif Muna.
             Killed from afar by a smoke demon (19 damage)
             ... with a ball of steam
             ... in a volcano.
             The game lasted 00:39:18 (27879 turns).

pkoi the Zephyrmancer (DrAE)                       Turns: 27879, Time: 00:39:19

Health: -14/102    AC: 11    Str: 11    XL:     13   Next: 10%
Magic:  4/31       EV: 14    Int: 20    God:    Sif Muna [***...]
Gold:   892        SH:  0    Dex: 12    Spells: 5/24 levels left

rFire   . . .      SeeInvis +   a - staff of air
rCold   . . .      Faith    .   (no shield)
rNeg    . . .      Spirit   .   (armour unavailable)
rPois   +          Reflect  .   d - +0 hat {SInv}
rElec   +          Harm     .   n - +0 cloak
rCorr   .          Rampage  .   j - +1 pair of gloves
Will    .....                   (no boots)
Stlth   ++........              (no amulet)
HPRegen 0.27/turn               k - ring of magical power
MPRegen 0.22/turn               D - ring of wizardry

@: no status effects
A: breathe noxious fumes, AC +8, unfitting armour, poison resistance,
cold-blooded
a: Breathe Noxious Fumes, Renounce Religion, Channel Magic, Forget Spell


You were in a volcano.
You worshipped Sif Muna.
Sif Muna was most pleased with you.
You visited 3 branches of the dungeon, and saw 15 of its levels.
You also visited: Ossuary and Volcano.

You collected 892 gold pieces.

Inventory:

Hand Weapons
 b - the +11 mace "Omiedoma" {flame, rC+ Str+4}
   (You found it on level 6 of the Dungeon)

   It burns those it strikes, dealing additional fire damage.
   Str:       It affects your strength (+4).
   rC:        It protects you from cold.
Missiles
 c - 2 throwing nets
 e - 16 poisoned darts
 i - 2 curare-tipped darts
Armour
 d - a +0 hat of see invisible (worn)
 j - a +1 pair of gloves (worn)
 m - a +2 hat
 n - a +0 cloak (worn)
Magical Staves
 a - a staff of air (weapon)
Jewellery
 k - a ring of magical power (left hand)
 D - a ring of wizardry (right hand)
 J - an amulet of regeneration
Wands
 g - a wand of charming (12)
 p - a wand of acid (3)
 v - a wand of paralysis (4)
 y - a wand of mindburst (14)
 E - a wand of digging (6)
 H - a wand of flame (37)
 N - a wand of polymorph (7)
Scrolls
 o - a scroll of blinking
 r - 2 scrolls of amnesia
 w - 2 scrolls of summoning
 B - a scroll of fear
 F - a scroll of enchant weapon
 I - 2 scrolls of enchant armour
 K - a scroll of teleportation
 M - 3 scrolls of fog
Potions
 f - 4 potions of heal wounds
 h - 4 potions of might
 l - 3 potions of curing
 t - 6 potions of brilliance
 u - a potion of invisibility
 x - 3 potions of magic
 z - 2 potions of resistance
 A - a potion of flight
 C - 2 potions of cancellation
 G - a potion of haste {unknown}
 L - 2 potions of berserk rage {unknown}
Miscellaneous
 s - a phantom mirror


   Skills:
 - Level 6.0 Fighting
 + Level 5.7 Dodging
 - Level 3.0 Stealth
 - Level 6.0 Spellcasting
 + Level 8.3 Conjurations
 - Level 6.0 Transmutations
 - Level 6.0 Fire Magic
 + Level 4.9 Ice Magic
 + Level 13.0 Air Magic
 - Level 9.2 Poison Magic
 + Level 5.0 Invocations


You had 5 spell levels left.
You knew the following spells:

 Your Spells              Type           Power      Damage    Failure   Level
a - Shock                 Conj/Air       100%       1d9       1%          1
b - Swiftness             Air            72%        N/A       1%          3
c - Airstrike             Air            36%        N/A       1%          4
d - Mephitic Cloud        Conj/Pois/Air  63%        N/A       1%          3
e - Ignite Poison         Fire/Tmut/Pois 34%        N/A       1%          3
f - Freezing Cloud        Conj/Ice/Air   28%        6-21      3%          5

Your spell library contained the following spells:

 Spells                   Type           Power      Damage    Failure   Level
 Static Discharge         Conj/Air       64%        N/A       1%          2
 Stone Arrow              Conj/Erth      44%        3d9       2%          3
 Slow                     Hex            24%        N/A       4%          1
 Fulminant Prism          Conj/Hex       11%        3d9       8%          4
 Iskenderun's Mystic Bla  Conj/Tloc      22%        2d6       8%          4
 Blade Hands              Tmut           15%        N/A       10%         5
 Confusing Touch          Hex            6%         N/A       12%         3
 Tukima's Dance           Hex            6%         N/A       12%         3
 Vampiric Draining        Necr           6%         2d6       12%         3
 Anguish                  Hex/Necr       3%         N/A       38%         4
 Lee's Rapid Deconstruct  Erth           3%         3d6*      71%         5
 Statue Form              Tmut/Erth      12%        N/A       86%         6
 Ozocubu's Refrigeration  Ice            12%        4d7       98%         7
 Enfeeble                 Hex            3%         N/A       100%        7
 Necromutation            Tmut/Necr      9%         N/A       100%        8
 Animate Armour           Summ/Erth      Unusable   N/A       N/A         4

Dungeon Overview and Level Annotations

Branches:
Dungeon (10/15)            Temple (1/1) D:5            Lair (4/6) D:9
 Shoals (0/4) Lair:2        Snake (0/4) Lair:3          Orc (0/2) D:9
Ossuary (visited)         Volcano (1/1)

Altars:
Ashenzari
Cheibriados
Dithmenos
Elyvilon
Fedhas
Gozag
Hepliaklqana
Kikubaaqudgha
Makhleb
Nemelex Xobeh
Okawaru
Qazlal
Ru
Sif Muna
Trog
Uskayaw
Vehumet
Wu Jian
Xom
Yredelemnul
Zin
The Shining One

Shops:
D:9 (   D:10 :

Annotations:
D:6 2 transporters, themarg's ghost, novice MiBe


Innate Abilities, Weirdness & Mutations

You can breathe blasts of noxious fumes.
Your lurid green scales are hard. (AC +8)
You cannot fit into any form of body armour.
Your system is resistant to poisons. (rPois)
You are cold-blooded and may be slowed by cold attacks.


Message History

The hell hound is heavily wounded.
The hell hound barely misses you.
Aiming: Airstrike (safe; 1% risk of failure)
Press: ? - help, Q - select action, (/) - cycle Dir - move target, f/p - hell hound
Aim: a hell hound (heavily wounded, empty space bonus: 5/8)
You feel a surge of power!
The air twists around and strikes the hell hound!
You kill the hell hound!
Sif Muna accepts your kill. The smoke demon gestures at you.
The ball of steam hits you!
* * * LOW HITPOINT WARNING * * *
The air gets thick with the scent of sulphur.
In the distance, the volcano erupts with a roar.
Why would you want to do that? Why would you want to do that?
The smoke demon gestures at you. The ball of steam hits you!!
* * * LOW HITPOINT WARNING * * *
You are engulfed in a cloud of scalding steam.
* * * LOW HITPOINT WARNING * * *
The smoke demon gestures at you. The ball of steam hits you!
* * * LOW HITPOINT WARNING * * *
Casting: Airstrike (safe; 1% risk of failure)
Confirm with . or Enter, or press ? or * to list all spells.
Aiming: Freezing Cloud (dangerous; 3% risk of failure)
Press: ? - help, Dir - move target, f - smoke demon
Aim: a smoke demon You feel a surge of power!
The smoke demon is engulfed in freezing vapours.
Unknown command.
The smoke demon is engulfed in freezing vapours.
The smoke demon gestures at you. The ball of steam hits you!
* * * LOW HITPOINT WARNING * * *
Why would you want to do that? The smoke demon gestures at you.
The ball of steam hits you!!
You die...

##### #.@.# ####
##.#§### #..#
##.###§.###
##..###.##∩###..##
#....###.....###3#
##....§###....##.#
##...≈≈≈.###∩####.#
#...≈≈§§...###....##
##.§≈≈≈§§≈§....≈≈.3.##


There were no monsters in sight!

Vanquished Creatures
  Gastronok (D:9)
  Harold (D:6)
  2 hydras (Lair:2)
  Fannar (D:10)
  4 two-headed ogres
  Nergalle (Lair:1)
  A deep elf pyromancer (D:10)
  3 ugly things (Volcano)
  2 black mambas (Lair:1)
  7 cane toads
  A rime drake (Lair:4)
  4 komodo dragons
  A troll (D:10)
  4 blink frogs (Lair:1)
  A snapping turtle (Lair:2)
  Sigmund (D:4)
  A spriggan (Lair:1)
  18 yaks
  3 wyverns
  6 fire bats (Volcano)
  4 basilisks
  Grum (D:8)
  2 wargs (D:9)
  An acid dragon (D:10)
  6 water moccasins
  A hell hound (Volcano)
  Duvessa (D:7)
  6 orc warriors
  An ice beast (D:6)
  2 sky beasts (D:7)
  4 black bears (D:7)
  2 necrophages (D:5)
  4 ogres
  10 wolves
  A centaur (D:7)
  A phantom (D:7)
  A kobold brigand (D:10)
  8 bullfrogs
  A wyvern zombie (D:7)
  A gnoll sergeant (D:7)
  2 scorpions (D:5)
  A wyvern skeleton (D:7)
  Dowan (D:7)
  A killer bee (D:7)
  3 howler monkeys
  3 wights (D:7)
  5 electric eels
  8 lava snakes (Volcano)
  6 centaur zombies
  A human zombie (Ossuary)
  4 orc priests
  A bullfrog zombie (D:6)
  2 hounds
  A jelly (D:7)
  A gnoll shaman (D:8)
  A bullfrog skeleton (D:6)
  2 iguanas
  4 orc wizards
  3 mummies (Ossuary)
  11 gnolls
  3 adders
  3 white imps (D:7)
  6 worms
  A dart slug (D:1)
  31 orcs
  6 ball pythons
  3 endoplasms
  4 giant cockroaches
  6 goblins
  6 hobgoblins
  5 jackals
  13 kobolds
  5 quokkas
  7 bats
  4 frilled lizards
  A gnoll zombie (Ossuary)
  3 hobgoblin zombies (Ossuary)
  2 orc zombies (Ossuary)
  A quokka skeleton (D:4)
  3 rats
295 creatures vanquished.

Vanquished Creatures (others)
  9 fungi
  24 plants
  10 withered plants (D:1)
43 creatures vanquished.

Grand Total: 338 creatures vanquished

Notes
Turn   | Place    | Note
-------+----------+-------------------------------------------
     0 | D:1      | pkoi the Draconian Air Elementalist began the quest for the
                  | Orb.
     0 | D:1      | Reached XP level 1. HP: 14/14 MP: 3/3
   251 | D:1      | Reached XP level 2. HP: 4/20 MP: 1/5
   631 | D:1      | Found a faded altar of an unknown god.
  1236 | D:1      | Reached XP level 3. HP: 25/26 MP: 1/6
  2759 | D:2      | Found a glowing silver altar of Zin.
  2847 | D:2      | Reached skill level 4 in Air Magic
  3366 | D:2      | Reached XP level 4. HP: 33/33 MP: 5/7
  4814 | D:3      | Reached XP level 5. HP: 38/38 MP: 4/8
  5238 | D:4      | Learned a level 3 spell: Swiftness
  5243 | D:4      | Learned a level 4 spell: Airstrike
  5247 | D:4      | Found an opulent altar of Gozag.
  5247 | D:4      | Found a sparkling altar of Nemelex Xobeh.
  5439 | D:4      | Noticed Sigmund
  5609 | D:4      | Found a sand-covered staircase.
  5619 | D:4      | Got the Reference Book on the Rocks and Cold
  5624 | Ossuary  | Entered an ossuary
  5774 | Ossuary  | Reached skill level 5 in Air Magic
  6058 | Ossuary  | Reached XP level 6. HP: 45/45 MP: 3/9
  6574 | D:4      | Noticed an orc warrior
  7022 | D:4      | Killed an orc warrior
  7418 | D:5      | Entered Level 5 of the Dungeon
  7450 | D:5      | Reached skill level 5 in Conjurations
  7497 | D:5      | Reached skill level 6 in Air Magic
  7497 | D:5      | Your scales start taking on a lurid green colour.
  7497 | D:5      | Reached XP level 7. HP: 50/50 MP: 4/11
  7497 | D:5      | Gained mutation: Your system is resistant to poisons.
                  | (rPois) [Green Draconian growth]
  7791 | D:5      | Found a staircase to the Ecumenical Temple.
  7919 | Temple   | Entered the Ecumenical Temple
  7994 | Temple   | Became a worshipper of Sif Muna the Loreminder
  8079 | D:5      | Found a hazy altar of Hepliaklqana.
  8135 | D:5      | Reached skill level 1 in Invocations
  8246 | D:5      | Found an ancient bone altar of Kikubaaqudgha.
  8531 | D:4      | Learned a level 3 spell: Mephitic Cloud
  8549 | D:4      | Killed Sigmund
  8550 | D:4      | Reached skill level 7 in Air Magic
  9073 | D:5      | Reached XP level 8. HP: 57/57 MP: 5/12
  9690 | D:6      | Found a transporter.
  9690 | D:6      | Noticed themarg's ghost (novice MiBe)
  9704 | D:6      | Reached skill level 1 in Poison Magic
  9803 | D:6      | Found a transporter.
  9809 | D:6      | Identified the +11 mace "Omiedoma" {flame, rC+ Str+4}
  9817 | D:6      | Reached skill level 8 in Air Magic
 11273 | D:7      | Reached skill level 5 in Poison Magic
 11350 | D:7      | Reached skill level 9 in Air Magic
 11523 | D:7      | Reached XP level 9. HP: 59/62 MP: 5/13
 11753 | D:7      | Noticed Dowan
 11754 | D:7      | Noticed Duvessa
 11768 | D:7      | Killed Dowan
 11780 | D:7      | Killed Duvessa
 11781 | D:7      | Noticed Harold
 12277 | D:6      | Killed Harold
 12278 | D:6      | Reached skill level 10 in Air Magic
 12441 | D:7      | Reached skill level 11 in Air Magic
 12492 | D:7      | Learned a level 3 spell: Ignite Poison
 12748 | D:7      | Reached skill level 1 in Transmutations
 12748 | D:7      | Reached skill level 1 in Fire Magic
 13053 | D:7      | Reached * piety under Sif Muna
 13542 | D:7      | Reached XP level 10. HP: 69/69 MP: 2/14
 13794 | D:7      | Found a broken altar of Ashenzari.
 13986 | D:7      | Noticed a cyclops
 13986 | D:7      | Noticed a two-headed ogre
 14016 | D:7      | Reached skill level 5 in Spellcasting
 14016 | D:7      | Reached skill level 5 in Transmutations
 14016 | D:7      | Reached skill level 5 in Fire Magic
 14016 | D:7      | Reached XP level 11. HP: 74/74 MP: 14/19
 14143 | D:7      | Noticed a two-headed ogre
 14172 | D:7      | Killed a two-headed ogre
 14382 | D:7      | Killed a two-headed ogre
 15252 | D:8      | Noticed a two-headed ogre
 15255 | D:8      | Killed a two-headed ogre
 15666 | D:8      | Noticed Grum
 16093 | D:8      | Killed Grum
 16407 | D:9      | Noticed Gastronok
 16458 | D:9      | Identified the +1 plate armour of Paofaary {Harm rElec
                  | Str-3 SInv}
 16462 | D:9      | Reached skill level 1 in Fighting
 17237 | D:9      | Found a staircase to the Lair.
 17393 | D:9      | Reached ** piety under Sif Muna
 17451 | D:9      | Found Omunwaoh's Weapon Emporium.
 17453 | D:9      | Found a staircase to the Orcish Mines.
 17553 | D:9      | Noticed a two-headed ogre
 17562 | D:9      | Killed a two-headed ogre
 17912 | D:9      | Found a sacrificial altar of Ru.
 18346 | D:9      | Killed Gastronok
 18347 | D:9      | Reached skill level 12 in Air Magic
 18556 | D:10     | Entered Level 10 of the Dungeon
 18556 | D:10     | Found a shimmering altar of Xom.
 18556 | D:10     | Found a shimmering altar of Xom.
 18703 | D:9      | Learned a level 5 spell: Freezing Cloud
 18741 | D:10     | Found a shimmering altar of Xom.
 18840 | D:10     | Found a shimmering altar of Xom.
 18840 | D:10     | Found a shimmering altar of Xom.
 18848 | D:10     | Found a shimmering altar of Xom.
 18848 | D:10     | Found a shimmering altar of Xom.
 18928 | D:10     | Noticed a deep elf pyromancer
 18931 | D:10     | Killed a deep elf pyromancer
 19048 | D:10     | Reached skill level 1 in Ice Magic
 19412 | D:10     | Found Wovvecy's Book Shoppe.
 19422 | D:10     | Got Sif Muna's Papyrus of Shifting Stones
 19437 | D:10     | Noticed Fannar
 19444 | D:10     | Killed Fannar
 19545 | D:10     | Reached XP level 12. HP: 91/91 MP: 5/21
 20657 | Lair:1   | Entered Level 1 of the Lair of Beasts
 21498 | Lair:1   | Noticed Nergalle
 21508 | Lair:1   | Killed Nergalle
 22763 | Lair:1   | Reached skill level 5 in Fighting
 23682 | Lair:2   | Found a stormy altar of Qazlal.
 23695 | Lair:2   | Noticed a six-headed hydra
 23892 | Lair:2   | Killed a six-headed hydra
 24025 | Lair:2   | Noticed an eight-headed hydra
 24030 | Lair:2   | Killed an eight-headed hydra
 24031 | Lair:2   | Reached skill level 5 in Dodging
 24588 | Lair:2   | Found a staircase to the Shoals.
 25556 | Lair:3   | Reached *** piety under Sif Muna
 26078 | Lair:3   | Found a staircase to the Snake Pit.
 27194 | Lair:4   | Found a dark tunnel.
 27206 | Volcano  | Entered a volcano
 27472 | Volcano  | Reached XP level 13. HP: 102/102 MP: 22/22
 27827 | Volcano  | Reached skill level 13 in Air Magic
 27840 | Volcano  | Reached skill level 5 in Invocations
 27865 | Volcano  | HP: 1/102 [something/ball of steam (11)]
 27879 | Volcano  | Killed from afar by a smoke demon

Illustrated notes

Levels and vault maps discovered:
D:1:      kennysheep_arrival_seaside, layout_basic,
          shapermc_ecumenical_altar_flowoftime,
          amcnicky_mini_rare_corridor_liquid
D:2:      layout_basic, basic_altar
D:3:      layout_loops_ring, wad_orctagon
D:4:      layout_loops_corners, grunt_temple_overflow_opulence,
          nicolae_ossuary_entry_ruins, chequers_serial_rivers_room_b,
          uniq_sigmund
D:5:      layout_cave_pools, mainiacjoe_overflow_catch_the_wave,
          lemuel_temple_firewalk_b, bh_walls_and_bars
D:6:      layout_rooms, gammafunk_ghost_arena, lightli_corner_chamber
D:7:      nzn_winding_woodlands_medium [nzn_winding_woodlands_5x5_closed_star,
          nzn_winding_woodlands_5x15_pockets, nzn_winding_woodlands_5x5_cross,
          nzn_winding_woodlands_5x5_perimeter,
          nzn_winding_woodlands_center_triple_pond,
          nzn_winding_woodlands_hourglass,
          nzn_winding_woodlands_5x5_checkerboard,
          nzn_winding_woodlands_5x15_crooked,
          nzn_winding_woodlands_5x5_open_star], layout_loops_ring,
          mainiacjoe_overflow_alcove_2, uniq_harold, uniq_duvessa
D:8:      layout_gridville, kennysheep_pointless_box, uniq_grum
D:9:      layout_gridville, nicolae_ru_awakened_eye, erik_lair_orcish_takeover,
          orc_david_3, disabler_island, uniq_gastronok
D:10:     layout_small_grid, nicolae_xom_altar_mimics, serial_shops, shop,
          uniq_fannar
Temple:   regret_index_temple_waves
Lair:1:   layout_regular_city, serial_bayou_ford_a,
          chequers_serial_rivers_small_b, grunt_forest_large_clearing_hut,
          grunt_megastairs_3, uniq_nergalle
Lair:2:   layout_loops_ring, minmay_shoals_entry_hut, basic_altar
Lair:3:   layout_hall_layers, serial_bayou_shore_b
Lair:4:   layout_concentric_octagons, enter_volcano_1
Volcano:  volcano_grotto [vgs_dualism]

Skill      XL: |  1  2  3  4  5  6  7  8  9 10 11 12 13 |
---------------+----------------------------------------+-----
Conjurations   | 2 3 4 5 6 8 |  8.3
Air Magic      | 4 5 6 7 9 11 12 13 | 13.0
Spellcasting   | 3 5 6 |  6.0
Invocations    | 3 4 5 |  5.0
Poison Magic   | 5 6 9 |  9.2
Transmutations | 2 5 6 |  6.0
Fire Magic     | 2 5 6 |  6.0
Dodging        | 3 5 |  5.7
Stealth        | 3 |  3.0
Fighting       | 3 6 |  6.0
Ice Magic      | 1 4 |  4.9

Action                   |  1- 3 |  4- 6 |  7- 9 | 10-12 | 13-15 || total
-------------------------+-------+-------+-------+-------+-------++-------
Melee: Unarmed           |    14 |       |       |       |       ||    14
       Club              |    14 |       |       |       |       ||    14
       Tailslap          |     7 |       |     9 |     6 |     1 ||    23
       Dagger            |    20 |       |       |       |       ||    20
       War axe           |     7 |    21 |       |       |       ||    28
       Staff             |       |     1 |     5 |    22 |       ||    28
       Rapier            |       |       |     3 |       |       ||     3
       Mace              |       |       |    57 |    17 |     2 ||    76
       Punch             |       |       |     1 |       |       ||     1
 Cast: Shock             |   102 |   150 |   180 |    17 |       ||   449
       Mephitic Cloud    |       |       |     1 |       |       ||     1
       Airstrike         |       |       |    12 |   243 |    18 ||   273
       Ignite Poison     |       |       |       |     9 |       ||     9
       Freezing Cloud    |       |       |       |    21 |     5 ||    26
 Abil: Breathe Noxious F |       |       |     2 |     9 |       ||    11
  Use: Scroll            |       |    11 |     3 |    11 |       ||    25
       Potion            |       |       |     1 |     1 |       ||     2
 Stab: Sleeping          |       |       |     2 |       |       ||     2
       Confused          |       |       |     1 |     1 |       ||     2
Armor: Skin              |    21 |    13 |    70 |    48 |     4 ||   156
Dodge: Dodged            |    53 |    45 |    88 |    62 |     4 ||   252
